TOP OF THE 1ST |
Pennsylvania State University Nittany Lions batting - Pitching for Clemson University Tigers : RHP Cong Tung
|
Pitching: RHP Cong Tung
|
|
Batting: RHB John Hopkins
|
0-0: Ball 1-0: Ball 2-0: Foul Ball, location: 2F 2-1: Ball 3-1: Base on Balls
|
Batting: RHB Roberto Medina
|
0-0: Called Strike 0-1: Ball 1-1: Swinging Strike 1-2: SINGLE (Groundball, 6D, EV 106.9 MPH) John Hopkins to second
|
Batting: RHB Kaoru Hamada
|
0-0: Ball 1-0: Ball 2-0: SINGLE (Line Drive, 9S, EV 86.9 MPH) John Hopkins to third Roberto Medina to second Runner from 3rd tries for Home, SAFE, throw by RF to home Roberto Medina to third Kaoru Hamada to second
|
Batting: RHB Franklin van den Berg
|
0-0: Called Strike 0-1: Foul Ball, location: 2F 0-2: Ball 1-2: Foul Ball, location: 2F 1-2: Ball 2-2: Strikes out swinging
|
Batting: SHB Oscar Barahona
|
0-0: Ball 1-0: Foul Ball, location: 2F 1-1: Foul Ball, location: 2F 1-2: Ball 2-2: Ball 3-2: Foul Ball, location: 2F 3-2: Foul Ball, location: 2F 3-2: Base on Balls
|
Batting: RHB Jesse Sargent
|
0-0: Ball 1-0: SINGLE (Groundball, 3D, EV 103.1 MPH) Roberto Medina scores Kaoru Hamada to third Oscar Barahona to second Runner from 3rd tries for Home, SAFE, throw by RF to home
|
Batting: RHB Fernando Membreno
|
0-0: Foul Ball, location: 2F 0-1: Fly out, F7 (Flyball, BS2, EV 95.6 MPH)
|
Batting: LHB Josh Lane
|
0-0: Ball 1-0: SINGLE (Line Drive, 7LM, EV 110.0 MPH) Oscar Barahona to third Jesse Sargent to second Runner from 3rd tries for Home, SAFE, throw by LF to home
|
Batting: RHB Isaiah Heath
|
0-0: Called Strike 0-1: Foul Ball, location: 2F 0-2: Strikes out swinging
|
Top of the 1st over - 4 runs, 4 hits, 0 errors, 2 left on base; Pennsylvania State University 4 - Clemson University 0 |
BOTTOM OF THE 1ST |
Clemson University Tigers batting - Pitching for Pennsylvania State University Nittany Lions : RHP Dave Boudreaux
|
Pitching: RHP Dave Boudreaux
|
|
Batting: RHB Ryan Thurston
|
0-0: Called Strike 0-1: Ball 1-1: Swinging Strike 1-2: Ball 2-2: Foul Ball, location: 2F 2-2: Ball 3-2: Foul Ball, location: 2F 3-2: Foul Ball, location: 2F 3-2: Foul Ball, location: 2F 3-2: Strikes out swinging
|
Batting: LHB Jayden Pelayo
|
0-0: Foul Ball, location: 2F 0-1: Foul Ball, location: 2F 0-2: Ball 1-2: Ball 2-2: Foul Ball, location: 2F 2-2: Ball 3-2: SINGLE (Line Drive, 56D, EV 107.5 MPH)
|
Batting: RHB Chris Prinzing
|
0-0: Fly out, F7 (Flyball, 78S, EV 78.1 MPH)
|
Batting: RHB Josh LeSage
|
0-0: Called Strike 0-1: Foul Ball, location: 2F 0-2: Strikes out looking
|
Bottom of the 1st over - 0 runs, 1 hit, 0 errors, 1 left on base; Pennsylvania State University 4 - Clemson University 0 |
TOP OF THE 2ND |
Pennsylvania State University Nittany Lions batting - Pitching for Clemson University Tigers : RHP Cong Tung
|
Batting: RHB John Hopkins
|
0-0: Called Strike 0-1: Fly out, F7 (Flyball, 78S, EV 85.0 MPH)
|
Batting: RHB Roberto Medina
|
0-0: Foul Ball, location: 2F 0-1: Called Strike 0-2: Foul Ball, location: 2F 0-2: Fly out, F7 (Flyball, 7LS, EV 72.5 MPH)
|
Batting: RHB Kaoru Hamada
|
0-0: Ball 1-0: SOLO HOME RUN (Flyball, 7D, EV 97.5 MPH), Distance : 374 ft
|
Batting: RHB Franklin van den Berg
|
0-0: Ball 1-0: Foul Ball, location: 2F 1-1: Ball 2-1: Ball 3-1: SINGLE (Groundball, 6MD, EV 104.4 MPH)
|
Batting: SHB Oscar Barahona
|
0-0: Called Strike 0-1: Foul Ball, location: 2F 0-2: Ball 1-2: Ball 2-2: SINGLE (Groundball, 5L, EV 100.6 MPH) (infield hit) Franklin van den Berg to second
|
Batting: RHB Jesse Sargent
|
0-0: Ball 1-0: Ball 2-0: Ball 3-0: Base on Balls Franklin van den Berg to third Oscar Barahona to second
|
Batting: RHB Fernando Membreno
|
0-0: Swinging Strike 0-1: Fly out, F7 (Line Drive, 78M, EV 103.1 MPH)
|
Top of the 2nd over - 1 run, 3 hits, 0 errors, 3 left on base; Pennsylvania State University 5 - Clemson University 0 |
BOTTOM OF THE 2ND |
Clemson University Tigers batting - Pitching for Pennsylvania State University Nittany Lions : RHP Dave Boudreaux
|
Batting: LHB Victor Reyna
|
0-0: Ball 1-0: Ground out 1-3 (Groundball, 15S, EV 73.8 MPH)
|
Batting: RHB Jorge Alva
|
0-0: Called Strike 0-1: Foul Ball, location: 2F 0-2: Strikes out swinging
|
Batting: RHB Juan Barela
|
0-0: Ball 1-0: Ball 2-0: Swinging Strike 2-1: Ball 3-1: Base on Balls
|
Batting: RHB Wayne Watson
|
0-0: Ball 1-0: Called Strike 1-1: Ball 2-1: Ball 3-1: Base on Balls Juan Barela to second
|
Batting: RHB Donovan Deason
|
0-0: Called Strike 0-1: Fly out, F8 (Flyball, 8RS, EV 91.2 MPH)
|
Bottom of the 2nd over - 0 runs, 0 hits, 0 errors, 2 left on base; Pennsylvania State University 5 - Clemson University 0 |
TOP OF THE 3RD |
Pennsylvania State University Nittany Lions batting - Pitching for Clemson University Tigers : RHP Cong Tung
|
Batting: LHB Josh Lane
|
0-0: Foul Ball, location: 2F 0-1: Ball 1-1: Fly out, F7 (Flyball, 78XD, EV 105.0 MPH)
|
Batting: RHB Isaiah Heath
|
0-0: Called Strike 0-1: Ball 1-1: Called Strike 1-2: Ground out 5-3 (Groundball, 56, EV 81.9 MPH)
|
Batting: RHB John Hopkins
|
0-0: Ball 1-0: Ball 2-0: Foul Ball, location: 2F 2-1: SINGLE (Line Drive, 89M, EV 108.1 MPH)
|
Pitching: RHP Gustavo Carena
|
|
Batting: RHB Roberto Medina
|
0-0: Ball 1-0: Ball 2-0: Foul Ball, location: 2F 2-1: Fly out, F7 (Line Drive, 7, EV 88.1 MPH)
|
Top of the 3rd over - 0 runs, 1 hit, 0 errors, 1 left on base; Pennsylvania State University 5 - Clemson University 0 |
BOTTOM OF THE 3RD |
Clemson University Tigers batting - Pitching for Pennsylvania State University Nittany Lions : RHP Dave Boudreaux
|
Batting: RHB Ryan Thurston
|
0-0: Swinging Strike 0-1: Ball 1-1: Foul Ball, location: 2F 1-2: Foul Ball, location: 2F 1-2: SINGLE (Groundball, 25, EV 65.0 MPH) (infield hit)
|
Batting: LHB Jayden Pelayo
|
0-0: 2-RUN HOME RUN (Flyball, 89XD, EV 110.0 MPH), Distance : 418 ft
|
Batting: RHB Chris Prinzing
|
0-0: Fly out, F8 (Flyball, 8LD, EV 95.0 MPH)
|
Batting: RHB Josh LeSage
|
0-0: Called Strike 0-1: Swinging Strike 0-2: SINGLE (Groundball, 6MD, EV 101.2 MPH)
|
Batting: LHB Victor Reyna
|
0-0: Ball 1-0: Ball 2-0: Grounds into double play, 4-6-3 (Groundball, 4, EV 106.9 MPH)
|
Bottom of the 3rd over - 2 runs, 3 hits, 0 errors, 0 left on base; Pennsylvania State University 5 - Clemson University 2 |
TOP OF THE 4TH |
Pennsylvania State University Nittany Lions batting - Pitching for Clemson University Tigers : RHP Gustavo Carena
|
Batting: RHB Kaoru Hamada
|
0-0: Fly out, F8 (Line Drive, 8RM, EV 106.2 MPH)
|
Batting: RHB Franklin van den Berg
|
0-0: Called Strike 0-1: Called Strike 0-2: Ball 1-2: Ball 2-2: Foul Ball, location: 2F 2-2: Ball 3-2: Fly out, F9 (Flyball, 9D, EV 108.8 MPH)
|
Batting: SHB Oscar Barahona
|
0-0: Ball 1-0: Ball 2-0: Foul Ball, location: 2F 2-1: Ground out 4-3 (Groundball, 4, EV 93.8 MPH)
|
Top of the 4th over - 0 runs, 0 hits, 0 errors, 0 left on base; Pennsylvania State University 5 - Clemson University 2 |
BOTTOM OF THE 4TH |
Clemson University Tigers batting - Pitching for Pennsylvania State University Nittany Lions : RHP Dave Boudreaux
|
Batting: RHB Jorge Alva
|
0-0: Ball 1-0: SINGLE (Line Drive, 4MD, EV 103.8 MPH)
|
Batting: RHB Juan Barela
|
0-0: Ball 1-0: Foul Ball, location: 2F 1-1: Swinging Strike 1-2: Grounds into double play, 6-4-3 (Groundball, 6, EV 88.1 MPH)
|
Batting: RHB Wayne Watson
|
0-0: Fly out, F8 (Flyball, 8LS, EV 93.1 MPH)
|
Bottom of the 4th over - 0 runs, 1 hit, 0 errors, 0 left on base; Pennsylvania State University 5 - Clemson University 2 |
TOP OF THE 5TH |
Pennsylvania State University Nittany Lions batting - Pitching for Clemson University Tigers : RHP Gustavo Carena
|
Batting: RHB Jesse Sargent
|
0-0: Called Strike 0-1: Ball 1-1: Ball 2-1: DOUBLE (Line Drive, 89M, EV 95.0 MPH)
|
Batting: RHB Fernando Membreno
|
0-0: Called Strike 0-1: Ball 1-1: Called Strike 1-2: Strikes out swinging
|
Batting: LHB Josh Lane
|
0-0: Ball 1-0: Ball 2-0: Called Strike 2-1: Ball 3-1: Base on Balls
|
Batting: RHB Isaiah Heath
|
0-0: Called Strike 0-1: Ball 1-1: Ball 2-1: Fly out, F8 (Flyball, 8LXD, EV 105.0 MPH) Runner from 2nd tags up, SAFE at 3rd, no throw by CF
|
Batting: RHB John Hopkins
|
0-0: Foul Ball, location: 2F 0-1: Fielders Choice at 2nd, 6-4 (Groundball, 6, EV 87.5 MPH)
|
Top of the 5th over - 0 runs, 1 hit, 0 errors, 2 left on base; Pennsylvania State University 5 - Clemson University 2 |
BOTTOM OF THE 5TH |
Clemson University Tigers batting - Pitching for Pennsylvania State University Nittany Lions : RHP Dave Boudreaux
|
Batting: RHB Donovan Deason
|
0-0: Ball 1-0: SINGLE (Groundball, 6M, EV 86.9 MPH) (infield hit)
|
Batting: RHB Ryan Thurston
|
0-0: Ball 1-0: Ball 2-0: Swinging Strike 2-1: Foul Ball, location: 2F 2-2: Foul Ball, location: 2F 2-2: Strikes out swinging
|
Batting: LHB Jayden Pelayo
|
0-0: Called Strike 0-1: Called Strike 0-2: Foul Ball, location: 2F 0-2: Ball 1-2: Foul Ball, location: 2F 1-2: Ball 2-2: Ball 3-2: SINGLE (Line Drive, 9LS, EV 105.6 MPH) Donovan Deason to second
|
Batting: RHB Chris Prinzing
|
0-0: SINGLE (Groundball, 56S, EV 70.0 MPH) (infield hit) Donovan Deason to third Jayden Pelayo to second
|
Batting: RHB Josh LeSage
|
0-0: Ball 1-0: Called Strike 1-1: Ball 2-1: Swinging Strike 2-2: DOUBLE (Flyball, 9D, EV 104.4 MPH) Donovan Deason scores Jayden Pelayo scores Chris Prinzing to third
|
Pinch Hitting: SHB Jose Santiago
|
0-0: Ball 1-0: Ball 2-0: Ball 3-0: Base on Balls
|
Batting: RHB Jorge Alva
|
0-0: Fly out, F6 (Line Drive, 6, EV 76.2 MPH)
|
Batting: RHB Juan Barela
|
0-0: Ball 1-0: Fielders Choice at 2nd, 5-4 (Groundball, 56, EV 98.1 MPH)
|
Bottom of the 5th over - 2 runs, 4 hits, 0 errors, 3 left on base; Pennsylvania State University 5 - Clemson University 4 |
TOP OF THE 6TH |
Pennsylvania State University Nittany Lions batting - Pitching for Clemson University Tigers : RHP Gustavo Carena
|
Pitching: RHP A.J. Newman
|
|
Now in LF: Jason Duncan
|
|
Batting: RHB Roberto Medina
|
0-0: Called Strike 0-1: Fly out, F7 (Line Drive, 7, EV 86.9 MPH)
|
Batting: RHB Kaoru Hamada
|
0-0: Called Strike 0-1: Ball 1-1: Fly out, F7 (Flyball, 78M, EV 77.5 MPH)
|
Batting: RHB Franklin van den Berg
|
0-0: Ball 1-0: Swinging Strike 1-1: Ball 2-1: SOLO HOME RUN (Flyball, 9D, EV 98.1 MPH), Distance : 371 ft
|
Batting: SHB Oscar Barahona
|
0-0: Ball 1-0: Ball 2-0: Ball 3-0: Called Strike 3-1: Swinging Strike 3-2: Base on Balls
|
Batting: RHB Jesse Sargent
|
0-0: Ball 1-0: Foul Ball, location: 2F 1-1: Ball 2-1: Fielders Choice at 2nd, 6-4 (Groundball, 6, EV 83.8 MPH)
|
Top of the 6th over - 1 run, 1 hit, 0 errors, 1 left on base; Pennsylvania State University 6 - Clemson University 4 |
BOTTOM OF THE 6TH |
Clemson University Tigers batting - Pitching for Pennsylvania State University Nittany Lions : RHP Dave Boudreaux
|
Batting: RHB Wayne Watson
|
0-0: Ball 1-0: Ball 2-0: Fly out, F9 (Line Drive, 9S, EV 91.2 MPH)
|
Batting: RHB Donovan Deason
|
0-0: Called Strike 0-1: Foul Ball, location: 2F 0-2: Strikes out looking
|
Batting: RHB Ryan Thurston
|
0-0: SINGLE (Flyball, 34D, EV 89.4 MPH)
|
Batting: LHB Jayden Pelayo
|
0-0: Foul Ball, location: 2F 0-1: Ball 1-1: Ball 2-1: Foul Ball, location: 2F 2-2: DOUBLE (Line Drive, 8LXD, EV 105.0 MPH) Ryan Thurston to third
|
Pinch Runner at 2nd David Mendez:
|
|
Batting: RHB Chris Prinzing
|
0-0: Fly out, F9 (Flyball, 89S, EV 87.5 MPH)
|
Bottom of the 6th over - 0 runs, 2 hits, 0 errors, 2 left on base; Pennsylvania State University 6 - Clemson University 4 |
TOP OF THE 7TH |
Pennsylvania State University Nittany Lions batting - Pitching for Clemson University Tigers : RHP A.J. Newman
|
Pitching: RHP Santos Gonzales
|
|
Batting: RHB Fernando Membreno
|
0-0: Reached on error, E6 (Groundball, 56, EV 78.1 MPH)
|
Batting: LHB Josh Lane
|
0-0: Ball 1-0: Ball 2-0: Ball 3-0: Called Strike 3-1: Base on Balls Fernando Membreno to second
|
Batting: RHB Isaiah Heath
|
0-0: Fly out, F8 (Line Drive, 8LD, EV 90.0 MPH)
|
Batting: RHB John Hopkins
|
0-0: Called Strike 0-1: Ball 1-1: Foul Ball, location: 2F 1-2: Ball 2-2: Fly out, F9 (Flyball, 9, EV 82.5 MPH)
|
Batting: RHB Roberto Medina
|
0-0: Ball 1-0: Ball 2-0: Foul Ball, location: 2F 2-1: Foul Ball, location: 2F 2-2: Ground out 6-3 (Groundball, 4M, EV 103.8 MPH)
|
Top of the 7th over - 0 runs, 0 hits, 1 error, 2 left on base; Pennsylvania State University 6 - Clemson University 4 |
BOTTOM OF THE 7TH |
Clemson University Tigers batting - Pitching for Pennsylvania State University Nittany Lions : RHP Dave Boudreaux
|
Batting: RHB Josh LeSage
|
0-0: Swinging Strike 0-1: Ball 1-1: Ball 2-1: Ball 3-1: Foul Ball, location: 2F 3-2: SINGLE (Line Drive, 6D, EV 96.2 MPH)
|
Batting: RHB Jason Duncan
|
0-0: Foul Ball, location: 2F 0-1: Fielders Choice at 2nd, 6-4 (Groundball, 6, EV 100.0 MPH)
|
Batting: RHB Jorge Alva
|
0-0: Fly out, F8 (Flyball, 8RXD, EV 100.6 MPH)
|
Batting: RHB Juan Barela
|
0-0: Called Strike 0-1: Ball 1-1: SINGLE (Groundball, 34D, EV 98.1 MPH) Jason Duncan to second Runner from 2nd tries for 3rd, SAFE, no throw by RF
|
Pitching: RHP Mike Watkins
|
|
Batting: RHB Wayne Watson
|
0-0: Called Strike 0-1: Swinging Strike 0-2: Ball 1-2: Fly out, F9 (Flyball, 9S, EV 81.9 MPH)
|
Bottom of the 7th over - 0 runs, 2 hits, 0 errors, 2 left on base; Pennsylvania State University 6 - Clemson University 4 |
TOP OF THE 8TH |
Pennsylvania State University Nittany Lions batting - Pitching for Clemson University Tigers : RHP Santos Gonzales
|
Pitching: LHP Brian Anderson
|
|
Batting: RHB Kaoru Hamada
|
0-0: Ball 1-0: Called Strike 1-1: Called Strike 1-2: Ball 2-2: Fly out, F8 (Flyball, 8LD, EV 106.2 MPH)
|
Batting: RHB Franklin van den Berg
|
0-0: Called Strike 0-1: Swinging Strike 0-2: Foul Ball, location: 2F 0-2: Ball 1-2: Ball 2-2: Strikes out swinging
|
Batting: SHB Oscar Barahona
|
0-0: Called Strike 0-1: Ball 1-1: Ball 2-1: Fly out, F7 (Flyball, 78M, EV 83.8 MPH)
|
Top of the 8th over - 0 runs, 0 hits, 0 errors, 0 left on base; Pennsylvania State University 6 - Clemson University 4 |
BOTTOM OF THE 8TH |
Clemson University Tigers batting - Pitching for Pennsylvania State University Nittany Lions : RHP Mike Watkins
|
Batting: RHB Donovan Deason
|
0-0: Ball 1-0: Ball 2-0: Fly out, F4 (Popup, 4S, EV 74.4 MPH)
|
Batting: RHB Ryan Thurston
|
0-0: Called Strike 0-1: Ball 1-1: Ball 2-1: Called Strike 2-2: Ground out 6-3 (Groundball, 6M, EV 101.9 MPH)
|
Batting: LHB David Mendez
|
0-0: Ball 1-0: Ball 2-0: Foul Ball, location: 2F 2-1: Foul Ball, location: 2F 2-2: Strikes out swinging
|
Bottom of the 8th over - 0 runs, 0 hits, 0 errors, 0 left on base; Pennsylvania State University 6 - Clemson University 4 |
TOP OF THE 9TH |
Pennsylvania State University Nittany Lions batting - Pitching for Clemson University Tigers : LHP Brian Anderson
|
Pitching: RHP Joachim Marot
|
|
Batting: RHB Jesse Sargent
|
0-0: Swinging Strike 0-1: Ground out 4-3 (Groundball, 34, EV 80.0 MPH)
|
Batting: RHB Fernando Membreno
|
0-0: Ground out 6-3 (Groundball, 6, EV 104.4 MPH)
|
Batting: LHB Josh Lane
|
0-0: Ball 1-0: Called Strike 1-1: Ball 2-1: SINGLE (Groundball, 4MD, EV 100.0 MPH)
|
Pinch Hitting: SHB Glenn Harrison
|
0-0: Ball 1-0: Swinging Strike 1-1: 2-RUN HOME RUN (Flyball, 9D, EV 98.8 MPH), Distance : 379 ft
|
Batting: RHB John Hopkins
|
0-0: Foul Ball, location: 2F 0-1: Fly out, F3 (Popup, 23F, EV 91.2 MPH)
|
Top of the 9th over - 2 runs, 2 hits, 0 errors, 0 left on base; Pennsylvania State University 8 - Clemson University 4 |
BOTTOM OF THE 9TH |
Clemson University Tigers batting - Pitching for Pennsylvania State University Nittany Lions : RHP Mike Watkins
|
Pitching: RHP Carmem Bonnet
|
|
Now in RF: Glenn Harrison
|
|
Pinch Hitting: RHB Neal Perucci
|
0-0: Ball 1-0: Ball 2-0: Ball 3-0: Called Strike 3-1: Fly out, F7 (Flyball, 78M, EV 73.8 MPH)
|
Batting: RHB Josh LeSage
|
0-0: Ball 1-0: Ground out 4-3 (Groundball, 4, EV 85.6 MPH)
|
Batting: RHB Jason Duncan
|
0-0: Ball 1-0: Ball 2-0: Ball 3-0: Called Strike 3-1: Fly out, F9 (Flyball, 9D, EV 90.6 MPH)
|
Bottom of the 9th over - 0 runs, 0 hits, 0 errors, 0 left on base; Pennsylvania State University 8 - Clemson University 4 |
|